 Dungeon Crawl Stone Soup version 0.27.0-1-g7a089689b8 (webtiles) character file.

Game seed: 1747689156820061556

100 rvierbuc the Skirmisher (level 4, -2/37 HPs)
             Began as a Demonspawn Abyssal Knight on Aug 4, 2021.
             Was a Believer of Lugonu.
             Slain by an orc (5 damage)
             ... on level 3 of the Dungeon.
             The game lasted 00:16:48 (1937 turns).

rvierbuc the Skirmisher (Demonspawn Abyssal Knight) Turns: 1937, Time: 00:16:48

Health: -2/37      AC: 10    Str: 13    XL:     4   Next: 46%
Magic:  5/5        EV: 11    Int: 13    God:    Lugonu [**....]
Gold:   93         SH:  0    Dex: 13    Spells: 3/3 levels left

rFire    . . .     SeeInvis .   j - +1 dagger (protect)
rCold    . . .     Faith    .   (no shield)
rNeg     . . .     Spirit   .   b - +0 leather armour
rPois    .         Reflect  .   (no helmet)
rElec    .         Harm     .   (no cloak)
rCorr    .         Rampage  .   (no gloves)
Will     .....                  (no boots)
Stlth    +.........             (no amulet)
HPRegen  0.12/turn              (no ring)
MPRegen  0.18/turn              (no ring)

@: under a protective aura
A: claws 1, powered by death 1, magic regeneration
a: Renounce Religion, Depart the Abyss, Bend Space


You were on level 3 of the Dungeon.
You worshipped Lugonu.
Lugonu was pleased with you.
You visited 1 branch of the dungeon, and saw 3 of its levels.
You visited the Abyss 1 time.

You collected 93 gold pieces.

Inventory:

Hand Weapons
 a - a +1 short sword
 j - a +1 dagger of protection (weapon)
Armour
 b - a +0 leather armour (worn)
Jewellery
 f - a ring of wizardry
Scrolls
 e - a scroll of vulnerability {unknown}
 g - 3 scrolls of identify {unknown}
Potions
 c - a potion of invisibility {unknown}
 d - a potion of degeneration {unknown}
 h - a potion of flight {unknown}
 i - a potion of lignification {unknown}
 k - a potion of attraction {unknown}
 l - 2 potions of brilliance {unknown}


   Skills:
 + Level 3.7 Fighting
 + Level 3.0 Short Blades
 + Level 2.4 Armour
 + Level 1.4 Dodging
 + Level 0.5 Stealth
 + Level 2.5 Invocations


You had 3 spell levels left.
You didn't know any spells.
Your spell library was empty.

Dungeon Overview and Level Annotations

Branches:
Dungeon (3/15)

Altars:
Gozag


Innate Abilities, Weirdness & Mutations

You have sharp fingernails.
You regenerate a little health from kills.
You regenerate magic rapidly.


Message History

The orc barely misses you.
You hit the orc but do no damage.
The orc is lightly wounded.
The orc barely misses you.
You hit the orc.
The orc is heavily wounded.
The orc hits you with a +0 war axe.
* * * LOW HITPOINT WARNING * * *
You don't know any spells.
Okay, then.
Okay, then.
You closely miss the orc.
The orc is moderately wounded.
The orc hits you but does no damage.
You hit the orc.
The orc is heavily wounded.
The orc hits you with a +0 war axe.
* * * LOW HITPOINT WARNING * * *
You hit the orc.
The orc is severely wounded.
You barely miss the orc.
The orc is severely wounded.
The orc closely misses you.
You hit the orc but do no damage.
The orc is severely wounded.
The orc hits you but does no damage.
You hit the orc but do no damage.
The orc is severely wounded.
The orc hits you but does no damage.
You completely miss the orc.
The orc is severely wounded.
The orc hits you with a +0 war axe!
* * * LOW HITPOINT WARNING * * *
You hit the orc.
You kill the orc!
Lugonu accepts your kill.
Your Short Blades skill increases to level 3!
You closely miss the orc. The orc hits you but does no damage.
You closely miss the orc. The orc hits you with a +0 whip.
You die...

#.............
#.............
#.............
#.............
#.............
#.....o.......
#....ooo......
######o####.##
#@# .## #.# ..#
#.# ###.###
#.###.....##
##'##.8...8.#
###...#.......#.#
#.'......._.....#
#.#...#.......###
#.#...#.8...8.#


You could see 5 orcs.

Vanquished Creatures
  An orc wizard (D:3)
  2 adders
  2 dart slugs
  2 orcs (D:3)
  4 endoplasms
  4 giant cockroaches
  2 hobgoblins
  3 quokkas
  7 ball pythons
  7 bats
  3 frilled lizards
  6 goblins
  3 kobolds
  6 rats
52 creatures vanquished.

Notes
Turn   | Place    | Note
-------+----------+-------------------------------------------
     0 | Abyss:1  | rvierbuc the Demonspawn Abyssal Knight began the quest for
                  | the Orb.
     0 | Abyss:1  | Reached XP level 1. HP: 18/18 MP: 2/2
    14 | D:1      | Escaped the Abyss
   184 | D:1      | Gained mutation: You regenerate magic rapidly. [demonic
                  | ancestry]
   184 | D:1      | Reached XP level 2. HP: 9/24 MP: 3/3
   364 | D:1      | Found a faded altar of an unknown god.
   433 | D:1      | Reached skill level 1 in Dodging
   653 | D:1      | Reached ** piety under Lugonu
   763 | D:1      | Gained mutation: You have sharp fingernails. [demonic
                  | ancestry]
   763 | D:1      | Reached XP level 3. HP: 29/29 MP: 4/4
  1828 | D:3      | Found an opulent altar of Gozag.
  1877 | D:3      | Gained mutation: You regenerate a little health from kills.
                  | [demonic ancestry]
  1877 | D:3      | Reached XP level 4. HP: 31/37 MP: 5/5
  1937 | D:3      | Slain by an orc

Illustrated notes

Levels and vault maps discovered:
D:1:      shiori_shiawase, layout_loops_ring, basic_ecumenical_altar,
          minivault_11, minmay_pentomino_q2
D:2:      layout_loops_corners
D:3:      layout_basic, grunt_gozag_statues, serial_bayou_lagoon_a

Skill      XL: |  1  2  3  4 |
---------------+-------------+-----
Short Blades   | 2 3 |  3.0
Dodging        | 1 |  1.4
Armour         | 2 |  2.4
Fighting       | |  3.7
Stealth        | |  0.5
Invocations    | |  2.5

Action                   |  1- 3 |  4- 6 || total
-------------------------+-------+-------++-------
Melee: Short sword       |   116 |       ||   116
       Dagger            |    78 |    45 ||   123
 Stab: Sleeping          |     1 |       ||     1
Armor: Leather armour    |    80 |    17 ||    97
Dodge: Dodged            |   102 |    19 ||   121
